 Dungeon Crawl Stone Soup version 0.27.0-1-g7a089689b8 (console) character file.

Game seed: 10555982846113741274

4699 jejorda2 the Fighter (level 10, -3/70 HPs)
             Began as a Kobold Venom Mage on Aug 2, 2021.
             Was a Believer of Vehumet.
             Slain by an orc warlord (23 damage)
             ... in a bailey on Aug 3, 2021.
             The game lasted 00:40:53 (7849 turns).

jejorda2 the Fighter (Kobold Venom Mage)            Turns: 7849, Time: 00:40:53

Health: -3/70      AC:  7    Str:  9    XL:     10   Next: 72%
Magic:  5/18       EV: 14    Int: 17    God:    Vehumet [**....]
Gold:   265        SH:  0    Dex: 15    Spells: 6/19 levels left

rFire    . . .     SeeInvis +   b - +0 rapier (freeze)
rCold    + . .     Faith    .   (shield restricted)
rNeg     . . .     Spirit   .   e - +0 leather armour
rPois    .         Reflect  .   k - +2 helmet {SInv}
rElec    .         Harm     .   (no cloak)
rCorr    +         Rampage  .   y - +0 pair of gloves
Will     .....                  (no boots)
Stlth    +++.......             r - amulet of regeneration
HPRegen  1.21/turn              s - ring of resist corrosion
MPRegen  0.16/turn              w - ring of protection from cold

@: mighty
A: small, no large weapons, nightstalker 3
a: Renounce Religion


You were in a bailey.
You worshipped Vehumet.
Vehumet was pleased with you.
You visited 2 branches of the dungeon, and saw 8 of its levels.
You also visited: Bailey.

You collected 265 gold pieces.

Inventory:

Hand Weapons
 a - a +1 dagger
 b - a +0 rapier of freezing (weapon)
 d - a +0 hand axe
 f - a +0 short sword
 j - a +0 whip
 l - a +0 whip of venom
Missiles
 m - 3 datura-tipped darts (quivered)
 t - 4 poisoned darts
 u - 145 stones
 C - 22 boomerangs
Armour
 e - a +0 leather armour (worn)
 k - a +2 helmet of see invisible (worn)
 y - a +0 pair of gloves (worn)
Jewellery
 r - an amulet of regeneration (around neck)
 s - a ring of resist corrosion (left hand)
 w - a ring of protection from cold (right hand)
 z - a ring of flight
Wands
 o - a wand of flame (11)
Scrolls
 h - 2 scrolls of fog
 i - a scroll of amnesia
 n - a scroll of immolation
 q - 4 scrolls of teleportation
 x - a scroll of enchant weapon
 B - a scroll of silence
 F - a scroll of fear
Potions
 c - a potion of brilliance
 p - a potion of curing
 v - a potion of might
 A - a potion of ambrosia
 G - a potion of invisibility {unknown}


   Skills:
 - Level 11.4 Fighting
 - Level 5.0 Short Blades
 - Level 2.0 Armour
 - Level 2.4 Dodging
 - Level 2.6 Stealth
 - Level 5.3 Spellcasting
 - Level 5.6 Conjurations
 - Level 2.0 Transmutations
 - Level 3.0 Fire Magic
 - Level 4.0 Air Magic
 - Level 7.6 Poison Magic
 + Level 2.2 Evocations


You had 6 spell levels left.
You knew the following spells:

 Your Spells              Type           Power      Damage    Failure   Level
a - Foxfire               Conj/Fire      76%        2x1d7     3%          1
b - Poisonous Vapours     Pois/Air       48%        N/A       2%          2
c - Mephitic Cloud        Conj/Pois/Air  24%        N/A       5%          3
d - Olgreb's Toxic Radia  Pois           30%        N/A       8%          4
S - Swiftness             Air            18%        N/A       11%         3

Your spell library contained the following spells:

 Spells                   Type           Power      Damage    Failure   Level
 Sandblast                Erth           8%         2d5       19%         1
 Sting                    Tmut/Pois      80%        1d7       2%          1
 Ignite Poison            Fire/Tmut/Pois 18%        N/A       10%         3
 Corpse Rot               Necr/Air       N/A        N/A       12%         2
 Inner Flame              Hex/Fire       9%         N/A       30%         3
 Airstrike                Air            9%         N/A       34%         4
 Gell's Gravitas          Tloc           2%         N/A       50%         3
 Teleport Other           Tloc           4%         N/A       50%         3
 Freezing Cloud           Conj/Ice/Air   7%         6-21      80%         5
 Bolt of Magma            Conj/Fire/Erth 7%         4d6       85%         5
 Cause Fear               Hex            2%         N/A       88%         4
 Dispersal                Tloc           2%         N/A       100%        6
 Discord                  Hex            2%         N/A       100%        8
 Fire Storm               Conj/Fire      9%         8d3       100%        9


Dungeon Overview and Level Annotations

Branches:
Dungeon (7/15)             Temple (1/1) D:6          Bailey (1/1)

Altars:
Cheibriados
Elyvilon
Hepliaklqana
Kikubaaqudgha
Makhleb
Nemelex Xobeh
Qazlal
Ru
Vehumet
Zin

Shops:
D:6 *


Innate Abilities, Weirdness & Mutations

You are small and have problems with some larger weapons.
You are completely attuned to the shadows.


Message History

The orc warlord is lightly wounded.
The orc warlord struggles against the net.
The orc warlord struggles against the net.
Casting: Mephitic Cloud (dangerous; 9% risk of failure)
Confirm with . or Enter, or press ? or * to list all spells.
Aiming: Mephitic Cloud (dangerous; 9% risk of failure)
Press: ? - help, Shift-Dir - straight line, f/p - orc warlord
Aim: an orc warlord, wielding a +0 war axe and wearing a +0 scale mail (lightly wounded, entangled in a net, chance to affect: 29%)
The ball explodes into a vile cloud!
The stinking cloud engulfs the orc warlord but does no damage.
The orc warlord is lightly wounded.
The orc warlord is engulfed in noxious fumes.
The orc warlord struggles against the net.
You feel more experienced!
Your Fighting skill gained 6 levels and is now at level 11!
Your Poison Magic skill gained 4 levels and is now at level 7!
Training target 9.0 for Fighting reached!
Training target 7.0 for Poison Magic reached!
You have reached level 10!
You feel stronger.
The orc warlord is engulfed in noxious fumes.
The orc warlord struggles against the net.
Unknown command.
Casting: Mephitic Cloud (dangerous; 5% risk of failure)
Confirm with . or Enter, or press ? or * to list all spells.
You begin to radiate toxic energy.
The orc warlord is poisoned.
The orc warlord is engulfed in noxious fumes.
The orc warlord struggles against the net.
You feel very mighty all of a sudden.
The orc warlord looks even sicker.
Your toxic aura wanes.
The orc warlord is engulfed in noxious fumes.
The orc warlord struggles against the net.
The orc warlord is engulfed in noxious fumes.
The orc warlord struggles against the net.
The net rips apart, and the orc warlord comes free!
You hit the orc warlord but do no damage.
The orc warlord is moderately wounded.
The orc warlord hits you with a +0 war axe!!
You die...

............)........§#
8......#'''#......8...#
....####g≈≈####......##
....#≈≈≈≈≈≈≈o≈#.....##
....#≈.8...8.≈#....##
##'###.......###'###.
≈≈)# ≈.8...8.≈ #.≈≈≈.
≈≈)# #o≈≈≈. ≈≈.# #@≈≈≈.
≈≈.# #.≈≈≈( ≈≈.# #.≈≈≈.
##'# .... #'###( ...#
[!8.o.8? #...## ...##
≈#####≈ ##....##
....####...####......##
......)....(..........#
..8..)†......†).8..8..#


You could see an orc warlord (very poisoned).

Vanquished Creatures
  Pikel (D:6)
  Eustachio (D:5)
  Edmund (D:6)
  2 ice beasts (D:6)
  2 orc warriors (Bailey)
  2 ogres (D:4)
  2 centaurs
  A lemure (D:6)
  A phantom (D:5)
  A bullfrog (D:4)
  3 scorpions
  A wight (D:7)
  2 howler monkeys (D:7)
  2 hounds (D:5)
  2 orc priests (D:6)
  4 iguanas
  A killer bee zombie (D:6)
  A howler monkey zombie (D:5)
  6 gnolls
  3 howler monkey skeletons
  9 adders
  A shadow imp (D:6)
  2 white imps
  3 worms
  A dart slug (D:1)
  4 orcs
  3 endoplasms
  A giant cockroach (D:2)
  11 goblins
  16 hobgoblins
  12 jackals
  4 quokkas
  9 ball pythons
  5 bats
  6 frilled lizards
  20 kobolds
  8 rats
154 creatures vanquished.

Vanquished Creatures (others)
  A hound (D:4)
  A gnoll (D:2)
  104 foxfires
106 creatures vanquished.

Grand Total: 260 creatures vanquished

Notes
Turn   | Place    | Note
-------+----------+-------------------------------------------
     0 | D:1      | jejorda2 the Kobold Venom Mage began the quest for the Orb.
     0 | D:1      | Reached XP level 1. HP: 10/10 MP: 3/3
   351 | D:2      | Reached XP level 2. HP: 16/16 MP: 0/5
   354 | D:2      | Learned a level 2 spell: Poisonous Vapours
   419 | D:2      | Reached skill level 1 in Fighting
   744 | D:1      | Reached XP level 3. HP: 20/20 MP: 6/6
  1222 | D:1      | Found a faded altar of an unknown god.
  1839 | D:1      | Learned a level 3 spell: Mephitic Cloud
  2107 | D:2      | Reached XP level 4. HP: 19/26 MP: 2/7
  2252 | D:2      | Reached skill level 1 in Short Blades
  2336 | D:2      | Reached skill level 2 in Fighting
  2917 | D:3      | Noticed a scorpion
  2929 | D:3      | Killed a scorpion
  2930 | D:3      | Reached skill level 1 in Conjurations
  2930 | D:3      | Reached skill level 1 in Air Magic
  2930 | D:3      | Reached XP level 5. HP: 31/31 MP: 4/9
  3314 | D:3      | Reached XP level 6. HP: 36/36 MP: 3/10
  3561 | D:3      | Found a faded altar of an unknown god.
  3566 | D:3      | Found a radiant altar of Vehumet.
  3568 | D:3      | Found a glowing silver altar of Zin.
  3569 | D:3      | Found a white marble altar of Elyvilon.
  3574 | D:3      | Found a burning altar of Makhleb.
  3727 | D:3      | Became a worshipper of Vehumet
  4555 | D:4      | Noticed an ogre
  4562 | D:4      | Noticed an ogre
  4570 | D:4      | Killed an ogre
  4856 | D:4      | Reached skill level 3 in Fighting
  4856 | D:4      | Reached XP level 7. HP: 40/41 MP: 10/12
  5178 | D:4      | Got the Reference Book on the Blaze and the Birds
  5614 | D:5      | Entered Level 5 of the Dungeon
  5894 | D:5      | Reached XP level 8. HP: 47/47 MP: 13/13
  5952 | D:5      | Noticed Eustachio
  5967 | D:5      | Killed Eustachio
  6036 | D:5      | Reached skill level 5 in Short Blades
  6127 | D:5      | Reached skill level 4 in Fighting
  6208 | D:5      | Learned a level 1 spell: Foxfire
  6238 | D:5      | Reached * piety under Vehumet
  6238 | D:5      | Offered knowledge of Magic Dart by Vehumet.
  6454 | D:6      | Noticed Pikel
  6563 | D:6      | Reached skill level 1 in Fire Magic
  6612 | D:6      | Found a staircase to the Ecumenical Temple.
  6639 | Temple   | Entered the Ecumenical Temple
  6761 | D:6      | Reached skill level 1 in Armour
  6877 | D:6      | Found Zidoggin's Overcharged Wands.
  6907 | D:6      | Noticed Edmund
  6921 | D:6      | Killed Pikel
  6922 | D:6      | Reached skill level 5 in Spellcasting
  6922 | D:6      | Reached skill level 5 in Conjurations
  6922 | D:6      | Reached XP level 9. HP: 3/53 MP: 9/16
  7029 | D:6      | Killed Edmund
  7030 | D:6      | Reached skill level 5 in Fighting
  7348 | D:6      | Learned a level 4 spell: Olgreb's Toxic Radiance
  7405 | D:6      | Learned a level 3 spell: Swiftness
  7450 | D:7      | Reached skill level 1 in Evocations
  7532 | D:7      | Found a flagged portal.
  7541 | Bailey   | Entered a bailey
  7581 | Bailey   | Noticed an orc warlord
  7675 | Bailey   | Offered knowledge of Sandblast by Vehumet.
  7733 | Bailey   | Found a runed translucent gate.
  7733 | Bailey   | Found a runed translucent gate.
  7756 | Bailey   | Found a runed translucent gate.
  7770 | Bailey   | Reached ** piety under Vehumet
  7845 | Bailey   | Reached skill level 11 in Fighting
  7845 | Bailey   | Reached XP level 10. HP: 14/70 MP: 8/18
  7849 | Bailey   | Slain by an orc warlord

Illustrated notes

Levels and vault maps discovered:
D:1:      mrwooster_arrival_arrow, layout_basic,
          hellmonk_ecumenical_altar_arch_garden, minmay_cupped
D:2:      layout_basic
D:3:      layout_basic, chequers_temple_overflow_minitemple,
          kennysheep_generic_room_11
D:4:      layout_basic
D:5:      layout_basic, uniq_eustachio
D:6:      layout_basic, minmay_temple_entry_arrows,
          nicolae_shop_overcharged_wands, uniq_edmund, uniq_pikel
D:7:      layout_rooms, enter_bailey_3
Temple:   nicolae_temple_no_exploring_needed
Bailey:   bailey_axe_bossmonster_kennysheep, bailey

Skill      XL: |  1  2  3  4  5  6  7  8  9 |
---------------+----------------------------+-----
Fighting       | 1 2 3 4 11 | 11.4
Transmutations | 2 |  2.0
Short Blades   | 2 3 4 5 |  5.0
Conjurations   | 1 3 5 |  5.6
Air Magic      | 1 2 3 4 |  4.0
Spellcasting   | 3 5 |  5.3
Fire Magic     | 3 |  3.0
Armour         | 1 2 |  2.0
Evocations     | 2 |  2.2
Poison Magic   | 7 |  7.6
Dodging        | |  2.4
Stealth        | |  2.6

Action                   |  1- 3 |  4- 6 |  7- 9 | 10-12 || total
-------------------------+-------+-------+-------+-------++-------
Melee: Hand axe          |     1 |       |       |       ||     1
       Whip              |    21 |    15 |       |       ||    36
       Short sword       |    24 |    76 |    23 |       ||   123
       Dagger            |       |    40 |    97 |       ||   137
       Rapier            |       |       |   215 |     1 ||   216
Throw: Throwing net      |       |       |     2 |       ||     2
 Cast: Sting             |    56 |    25 |    10 |       ||    91
       Mephitic Cloud    |       |     8 |    20 |       ||    28
       Poisonous Vapours |       |     4 |    10 |       ||    14
       Foxfire           |       |       |    55 |       ||    55
       Olgreb's Toxic Ra |       |       |       |     1 ||     1
  Use: Scroll            |       |       |    16 |       ||    16
       Potion            |       |       |     1 |     1 ||     2
 Stab: Sleeping          |     2 |     6 |     8 |       ||    16
       Confused          |       |     9 |    14 |       ||    23
Armor: Robe              |     1 |       |       |       ||     1
       Leather armour    |    12 |    26 |    69 |       ||   107
Dodge: Dodged            |    48 |   106 |   185 |       ||   339
